 Dungeon Crawl Stone Soup version 0.23-a0-321-g6bcb69f (webtiles) character file.

35 Amnesiac the Digger (level 3, -3/28 HPs)
             Began as a Deep Dwarf Earth Elementalist on Oct 15, 2018.
             Killed by divine providence
             ... invoked by an orc priest
              (7 damage)
             ... on level 3 of the Dungeon.
             The game lasted 00:02:15 (578 turns).

Amnesiac the Digger (Deep Dwarf Earth Elementalist)  Turns: 578, Time: 00:02:15

Health: -3/28      AC:  5    Str: 11    XL:     3   Next: 17%
Magic:  0/6        EV: 11    Int: 16    God:
Gold:   29         SH:  0    Dex: 13    Spells: 3/6 levels left

rFire    . . .     SeeInvis .   g - +4 short sword
rCold    . . .     Gourm    .   (no shield)
rNeg     . . .     Faith    .   i - +0 ring mail
rPois    .         Spirit   .   (no helmet)
rElec    .         Reflect  .   (no cloak)
rCorr    .         Harm     .   (no gloves)
MR       .....                  (no boots)
Stlth    ++........             (no amulet)
HPRegen  0.00/turn              (no ring)
MPRegen  0.10/turn              (no ring)

@: very slightly contaminated, non-regenerating
A: damage resistance, heal wounds, sense surroundings 1, no regeneration
a: Heal Wounds


You were on level 3 of the Dungeon.
You were not hungry.

You visited 1 branch of the dungeon, and saw 4 of its levels.

You collected 29 gold pieces.

Inventory:

Hand Weapons
 e - a +0 blowgun
 g - a +4 short sword (weapon)
Missiles
 b - 66 stones (quivered)
 j - 12 poisoned needles
Armour
 c - a +0 robe
 i - a +0 ring mail (worn)
Scrolls
 h - a scroll of teleportation {!r, unknown}
 k - a scroll of random uselessness {!r, unknown}
Potions
 a - 3 potions of cancellation {!q, unknown}
Comestibles
 d - 2 rations
 f - 10 chunks of flesh


   Skills:
 - Level 2.5 Dodging
 - Level 3.1 Stealth
 + Level 2.2 Spellcasting
 + Level 0.8 Transmutations
 + Level 4.6 Earth Magic


You had 3 spell levels left.
You knew the following spells:

 Your Spells              Type           Power        Failure   Level  Hunger
a - Sandblast             Erth           ###...       8%          1    #......
b - Passwall              Tmut/Erth      ##......     24%         2    ###....

Your spell library contained the following spells:

 Spells                   Type           Power        Failure   Level  Hunger
 Stone Arrow              Conj/Erth      #.....       50%         3    ###....
 Petrify                  Tmut/Erth      ##......     85%         4    #####..
 Lee's Rapid Deconstruct  Erth           ###.......   90%         5    ######.


Dungeon Overview and Level Annotations

Branches:
Dungeon (4/15)
 Temple: D:4-7

Altars:

Annotations:
D:2 Terence


Innate Abilities, Weirdness & Mutations

You are resistant to damage.
You can heal yourself by infusing magical energy.
You passively map a small area around you.
You do not regenerate.


Message History

Confirm with . or Enter, or press ? or * to list all spells.
Aiming: Sandblast (safe; 8% risk of failure)
Press: ? - help, Shift-Dir - straight line, f - orc priest
Aim: an orc priest, wielding a +0 short sword and wearing a +0 leather armour The blast of sand hits the orc priest.
The orc priest is lightly wounded.
The orc priest shouts!
b - 70 stones The orc shouts!
Unknown command.
Casting: Sandblast (safe; 8% risk of failure)
Confirm with . or Enter, or press ? or * to list all spells.
Aiming: Sandblast (safe; 8% risk of failure)
Press: ? - help, Shift-Dir - straight line, f/p - orc priest
Aim: an orc priest, wielding a +0 short sword and wearing a +0 leather armour The blast of sand hits the orc priest.
The orc priest is moderately wounded.
b - 69 stones Unknown command.
The orc priest hits you with a +0 short sword!
You climb upwards.
There is a stone staircase leading down here.
Casting: Sandblast (safe; 8% risk of failure)
Confirm with . or Enter, or press ? or * to list all spells.
Aiming: Sandblast (safe; 8% risk of failure)
Press: ? - help, Shift-Dir - straight line, f - orc priest
Aim: an orc priest, wielding a +0 short sword and wearing a +0 leather armour The blast of sand hits the orc priest.
The orc priest is moderately wounded.
b - 68 stones The orc priest looks braver for a moment.
Unknown command.
Casting: Sandblast (safe; 8% risk of failure)
Confirm with . or Enter, or press ? or * to list all spells.
Aiming: Sandblast (safe; 8% risk of failure)
Press: ? - help, Shift-Dir - straight line, f/p - orc priest
Aim: an orc priest, wielding a +0 short sword and wearing a +0 leather armour The blast of sand misses the orc priest.
b - 67 stones The orc priest looks encouraged for a moment.
Unknown command.
Casting: Sandblast (safe; 8% risk of failure)
Confirm with . or Enter, or press ? or * to list all spells.
Aiming: Sandblast (safe; 8% risk of failure)
Press: ? - help, Shift-Dir - straight line, f/p - orc priest
Aim: an orc priest, wielding a +0 short sword and wearing a +0 leather armour The blast of sand hits the orc priest.
The orc priest is almost dead.
b - 66 stones The orc priest invokes the aid of Beogh against you.
Pain shoots through your body!
* * * LOW HITPOINT WARNING * * *
Unknown command.
Casting: Sandblast (safe; 8% risk of failure)
Confirm with . or Enter, or press ? or * to list all spells.
Aiming: Sandblast (safe; 8% risk of failure)
Press: ? - help, Shift-Dir - straight line, f/p - orc priest
Aim: an orc priest, wielding a +0 short sword and wearing a +0 leather armour You miscast Sandblast.
You are very lightly contaminated with residual magic.
You feel momentarily lethargic.
The orc priest calls down the wrath of Beogh upon you.
Beogh smites you!
You die...

#.# #.##.##.# #.###.###. #.#
#.##.##.# #.# #.# #. #.#
##.##.##.## ##+###.###. #.#
#...).....# ##...##..... ###.#
#..##.##..# ##.....#..... .##.#
#..##.#..<# ##........###.
..#.####..##.....###.........###.
.......).........o.'.........+...
..#.####.###....@###.........###.
.##.# #.###.#.#.# ##........# ##
###.# #.........# ##.....#.# *
*#.# #####.##### ##...##... ,
,,... #.# ##+#######* ... #.# * *
... #.# , * #.# , , #.# , , *


You could see an orc priest.

Vanquished Creatures
  2 adders (D:3)
  A worm (D:3)
  A leopard gecko (D:2)
  An orc (D:3)
  3 bats
  2 hobgoblins
  A ball python (D:1)
  A goblin (D:3)
  A kobold (D:3)
13 creatures vanquished.

Notes
Turn   | Place    | Note
-------+----------+-------------------------------------------
     0 | D:1      | Amnesiac the Deep Dwarf Earth Elementalist began the quest
                  | for the Orb.
     0 | D:1      | Reached XP level 1. HP: 15/15 MP: 3/3
   236 | D:2      | Noticed Terence
   294 | D:3      | Reached XP level 2. HP: 17/22 MP: 3/5
   298 | D:3      | Learned a level 2 spell: Passwall
   406 | D:3      | Reached XP level 3. HP: 22/28 MP: 4/6
   578 | D:3      | Killed from afar by an orc priest

Vault maps used:
D:1:      dpeg_arrival_concentric_ovals, minmay_door_square,
          minmay_misc_feat_pillars
D:2:      xom_redecorated, nicolae_overflow_crystal_walls, fedhas_altar_2,
          nemelex_spade_bored_becter, uniq_terence, uniq_crazy_yiuf_cottage
D:3:      first_ration
D:4:      lemuel_crystal_altar, corexii_leaking_fountain, fountainhead,
          bloody_trog, uniq_natasha, uniq_eustachio, uniq_blork_the_orc

Skill      XL: |  1  2 |
---------------+-------+-----
Spellcasting   | 2 |  2.2
Stealth        | 3 |  3.1
Dodging        | |  2.5
Transmutations | |  0.8
Earth Magic    | |  4.6

Action                   || total
-------------------------++-------
Melee: Unarmed           ||    12
       Short sword       ||     5
 Cast: Sandblast         ||    20
  Use: Scroll            ||     3
 Stab: Sleeping          ||     4
Armor: Robe              ||    12
Dodge: Dodged            ||    16

Table legend:
 A = Non-vault XP
 B = Vault XP
 C = Vault XP percentage of total XP
 D = Non-vault monster count
 E = Vault monster count
 F = Vault count percentage of total count
                 A         B        C        D         E       F
            +---------+---------+-------+---------+---------+-------
      Total |      51 |       0 |   0.0 |      13 |       0 |   0.0
            +---------+---------+-------+---------+---------+-------
        D:1 |       5 |       0 |   0.0 |       3 |       0 |   0.0
        D:2 |       5 |       0 |   0.0 |       2 |       0 |   0.0
        D:3 |      41 |       0 |   0.0 |       8 |       0 |   0.0
            +---------+---------+-------+---------+---------+-------
